 Dungeon Crawl Stone Soup version 0.30-a0-373-gd37427bb62 (webtiles) character file.

Game seed: 11129217621172568809

74 bmack86 the Twirler (level 4, -1/34 HPs)
             Began as a Demonspawn Gladiator on Nov 23, 2022.
             Slain by Sigmund
             ... wielding a +0 scythe
              (10 damage)
             ... on level 2 of the Dungeon.
             The game lasted 00:06:01 (1212 turns).

bmack86 the Twirler (Demonspawn Gladiator)          Turns: 1212, Time: 00:06:02

Health: -1/34      AC:  5    Str: 17    XL:     4   Next: 10%
Magic:  4/4        EV: 12    Int:  9    God:
Gold:   142        SH:  0    Dex: 14    Spells: 3/3 levels left

rFire   x . .      SeeInvis .    a - +0 quarterstaff
rCold   + + .      Faith    .    (shield currently unavailable)
rNeg    . . .      Spirit   .    f - +0 leather armour {rC+}
rPois   .          Reflect  .    c - +0 helmet
rElec   .          Harm     .    (no cloak)
rCorr   .          Rampage  .    r - +0 pair of gloves
Will    .....                    (no boots)
Stlth   +.........               (no amulet)
HPRegen 0.25/turn                s - ring of ice
MPRegen 0.09/turn                (no ring)

@: no status effects
A: demonic guardian 1, spiny 1, weakness stinger 1
a: no special abilities


You were on level 2 of the Dungeon.
You visited 1 branch of the dungeon, and saw 2 of its levels.

You collected 142 gold pieces.

Inventory:

Hand Weapons
 a - a +0 quarterstaff (weapon)
 h - a +0 dagger
 i - a +0 club
Missiles
 d - a throwing net (quivered)
 e - a javelin
Armour
 b - a +0 leather armour
 c - a +0 helmet (worn)
 f - a +0 leather armour of cold resistance (worn)
 r - a +0 pair of gloves (worn)
Jewellery
 s - a ring of ice (left hand)
Scrolls
 g - 2 scrolls of identify {unknown}
 n - a scroll of teleportation {unknown}
 p - a scroll of magic mapping {unknown}
 q - a scroll of enchant weapon {unknown}
 u - a scroll of vulnerability {unknown}
Potions
 j - 2 potions of berserk rage {unknown}
 k - a potion of brilliance {unknown}
 l - a potion of attraction {unknown}
 m - a potion of flight {unknown}
 o - 2 potions of haste {unknown}
 t - 3 potions of heal wounds {unknown}


   Skills:
 + Level 2.4 Fighting
 + Level 3.6 Staves
 + Level 1.7 Throwing
 + Level 1.0 Armour
 + Level 3.2 Dodging
 + Level 0.2 Stealth


You had 3 spell levels left.
You didn't know any spells.
Your spell library contained the following spells:

 Spells                   Type           Power      Damage    Failure   Level
 Ensorcelled Hibernation  Hex/Ice        0%         N/A       58%         2
 Passwall                 Tmut/Erth      0%         N/A       58%         2
 Sublimation of Blood     Necr           0%         N/A       58%         2
 Wereblood                Tmut           0%         N/A       58%         2
 Swiftness                Air            0%         N/A       82%         3
 Summon Hydra             Summ           0%         N/A       100%        7


Dungeon Overview and Level Annotations

Branches:
Dungeon (2/15)

Altars:

Annotations:
D:2 Sigmund


Innate Abilities, Weirdness & Mutations

A weak demonic guardian rushes to your aid.
You are partially covered in sharp spines.
You have a small tail.


Message History

The magic dart hits you!
Throw: 3 throwing nets
Press: ? - help, Q - select action, (/) - cycle Shift-Dir - straight line, f - Sigmund
Aim: Sigmund, wielding a +0 scythe and wearing a +0 robe (55% to hit)
You throw a throwing net.
The throwing net completely misses Sigmund.
Throw: 2 throwing nets
Press: ? - help, Q - select action, (/) - cycle Shift-Dir - straight line, f/p - Sigmund
Aim: Sigmund, wielding a +0 scythe and wearing a +0 robe (55% to hit)
You throw a throwing net. The throwing net hits Sigmund.
Sigmund is caught in the net!
Sigmund points at you and mumbles some strange words.
You are confused.
Sigmund struggles against the net.
You bump into the rock wall.
Sigmund struggles against the net.
Sigmund struggles against the net.
You bump into the rock wall.
Sigmund mumbles some strange words.
Sigmund flickers and vanishes!
Deactivating autopickup; reactivate with Ctrl-A.
Something wriggles in the net.
You feel less confused.
Found a stone staircase leading up.
Something wriggles in the net.
All of a sudden the net rips apart!
Something hits you.
You hit something. Something hits you but does no damage.
You hit something but do no damage. Something hits you.
You miss something. You barely miss something.
Your tail-slap misses something.
Something hits you but does no damage.
You miss something. Something hits you!
A demonic guardian appears!
You barely miss something.
You hear some strange, mumbled words.
Something tries to affect you, but you resist.
You miss something. Something hits you.
* * * LOW HITPOINT WARNING * * *
You barely miss something. You barely miss something. Something hits you!
You die...

#...............
#.###......#.... ###
#.##..###.## ##.#..##
.# ## ##....## # #.
#..######.. #.
#.........#
###5####.#.......#
#..{@.............
#<...(....###.......#
....####### #########
###


You could see a friendly white imp (summoned).

Vanquished Creatures
  Jessica (D:2)
  An adder (D:2)
  2 ball pythons (D:1)
  2 bats
  An endoplasm (D:1)
  2 giant cockroaches (D:1)
  6 hobgoblins (D:1)
  6 jackals
  4 quokkas
  3 frilled lizards (D:1)
  2 goblins (D:1)
  3 kobolds (D:1)
  3 rats
36 creatures vanquished.

Notes
Turn   | Place    | Note
-------+----------+-------------------------------------------
     0 | D:1      | bmack86 the Demonspawn Gladiator began the quest for the
                  | Orb.
     0 | D:1      | Reached XP level 1. HP: 16/16 MP: 1/1
   217 | D:1      | Gained mutation: You have a small tail. [demonic ancestry]
   217 | D:1      | Reached XP level 2. HP: 21/22 MP: 2/2
   566 | D:1      | Gained mutation: A weak demonic guardian rushes to your
                  | aid. [demonic ancestry]
   566 | D:1      | Reached XP level 3. HP: 24/27 MP: 3/3
   862 | D:2      | Noticed Jessica
   872 | D:2      | Killed Jessica
  1126 | D:2      | Reached skill level 1 in Armour
  1126 | D:2      | Gained mutation: You are partially covered in sharp spines.
                  | [demonic ancestry]
  1126 | D:2      | Reached XP level 4. HP: 31/34 MP: 4/4
  1194 | D:2      | Noticed Sigmund
  1212 | D:2      | Slain by Sigmund

Illustrated notes

Levels and vault maps discovered:
D:1:      dpeg_arrival_long_road, layout_loops_ring
D:2:      minmay_chambers_of_twos, layout_rooms, minmay_misc_feat_square,
          minivault_14, kennysheep_generic_room_15, uniq_natasha, uniq_jessica,
          uniq_sigmund

Skill      XL: |  1  2  3 |
---------------+----------+-----
Staves         | 3 |  3.6
Dodging        | 3 |  3.2
Armour         | 1 |  1.0
Fighting       | |  2.4
Throwing       | |  1.7
Stealth        | |  0.2

Action                   |  1- 3 |  4- 6 || total
-------------------------+-------+-------++-------
Melee: Quarterstaff      |   102 |     9 ||   111
       Tailslap          |     9 |       ||     9
Throw: Throwing net      |       |     2 ||     2
 Stab: Sleeping          |     1 |       ||     1
Armor: Leather armour    |    46 |     2 ||    48
Dodge: Dodged            |    65 |       ||    65

Table legend: (Time is in decaauts)
 A = Elapsed time spent in this place.
 B = Non-inter-level travel time spent in this place.
 C = Inter-level travel time spent in this place.
 D = Time resting spent in this place.
 E = Time spent auto-exploring this place.
 F = Levels seen in this place.
 G = Mean time per level.
                   A        B        C        D        E       F      G
               +--------+--------+--------+--------+--------+-----+--------+
         Total |   1229 |   1229 |      0 |      0 |    736 |   2 |  614.5 |
       Dungeon |   1229 |   1229 |      0 |      0 |    736 |   2 |  614.5 |
               +--------+--------+--------+--------+--------+-----+--------+

Top non-repeatable levels by time:
     D:1: 790 daAuts
     D:2: 438 daAuts
